 Dungeon Crawl Stone Soup version 0.30-a0-651-g0755cc6dcf (webtiles) character file.

Game seed: 13320916483069768229

9258 Caratheodory the Grappler (level 11, 0/70 HPs)
             Began as an Octopode Cinder Acolyte on Jan 17, 2023.
             Was a Priest of Ignis.
             Slain by a black mamba (4 damage)
             ... on level 1 of the Lair of Beasts.
             The game lasted 00:38:17 (11340 turns).

Caratheodory the Grappler (OpCA)                   Turns: 11340, Time: 00:38:18

Health: 0/70       AC:  7    Str: 15    XL:     11   Next: 43%
Magic:  15/24      EV: 13    Int: 23    God:    Ignis [***...]
Gold:   225        SH:  0    Dex:  7    Spells: 9/16 levels left

rFire   + + +      SeeInvis +      - Unarmed
rCold   + . .      Faith    .    (no shield)
rNeg    . . .      Spirit   .    j - +2 hat {Stlth+}
rPois   +          Reflect  .    D - amulet of regeneration
rElec   .          Harm     .    o - +4 ring of protection
rCorr   .          Rampage  .    B - ring of magical power
Will    .....                    H - ring "Osyd" {Fly rPois rF++ rC+ Int+3}
Stlth   +++                      d - ring of see invisible
HPRegen 1.11/turn                (no ring)
MPRegen 0.19/turn                (no ring)
                                 (no ring)
                                 (no ring)

@: flying
A: almost no armour, amphibious, 8 rings, camouflage 1, gelatinous body 1,
(nimble swimmer 1), tentacles
a: Renounce Religion, Fiery Armour, Foxfire Swarm, Rising Flame


You were on level 1 of the Lair of Beasts.
You worshipped Ignis.
Ignis was most pleased with you.
You visited 2 branches of the dungeon, and saw 11 of its levels.

You collected 719 gold pieces.
You spent 494 gold pieces at shops.

Inventory:

Missiles
 c - 4 atropa-tipped darts
 k - 24 poisoned darts
 A - 10 curare-tipped darts (quivered)
 K - 2 throwing nets
Armour
 j - a +2 hat of stealth (worn)
Jewellery
 d - a ring of see invisible (on tentacle)
 o - a +4 ring of protection (left tentacle)
 x - an amulet of reflection
 B - a ring of magical power (right tentacle)
 D - an amulet of regeneration (around mantle)
 H - the ring "Osyd" (on tentacle) {Fly rPois rF++ rC+ Int+3}
   (You acquired it on level 7 of the Dungeon)

   [ring of flight]

   Int:       It affects your intelligence (+3).
   rF:        It greatly protects you from fire.
   rC:        It protects you from cold.
   rPois:     It protects you from poison.
   Fly:       It grants you flight.
Wands
 r - a wand of mindburst (27)
 z - a wand of iceblast (5)
 L - a wand of charming (3)
 M - a wand of flame (3)
Scrolls
 b - 3 scrolls of magic mapping
 g - 2 scrolls of enchant weapon
 m - 2 scrolls of amnesia {unknown}
 n - a scroll of vulnerability {unknown}
 q - a scroll of blinking {unknown}
 s - 3 scrolls of teleportation
 t - a scroll of noise {unknown}
 u - 3 scrolls of butterflies {unknown}
 v - 3 scrolls of enchant armour {unknown}
 w - 2 scrolls of poison {unknown}
 y - 3 scrolls of fog
 C - 2 scrolls of silence {unknown}
 E - 2 scrolls of immolation {unknown}
 F - 2 scrolls of fear {unknown}
 I - a scroll of brand weapon {unknown}
Potions
 e - a potion of invisibility {unknown}
 f - 4 potions of brilliance
 h - a potion of mutation {unknown}
 i - 3 potions of attraction
 l - a potion of lignification {unknown}
 p - a potion of haste {unknown}
 G - 2 potions of ambrosia {unknown}
 J - a potion of magic {unknown}


   Skills:
 - Level 4.4 Fighting
 - Level 3.0 Dodging
 + Level 10.2 Unarmed Combat
 - Level 3.0 Spellcasting
 + Level 9.6 Transmutations
 - Level 3.0 Fire Magic
 + Level 9.6 Air Magic


You had 9 spell levels left.
You knew the following spells:

 Your Spells              Type           Power      Damage    Failure   Level
a - Scorch                Fire           34%        2d7       4%          2
b - Static Discharge      Conj/Air       50%        2-5/arc   2%          2
c - Mephitic Cloud        Conj/Pois/Air  18%        N/A       10%         3

Your spell library contained the following spells:

 Spells                   Type           Power      Damage    Failure   Level
 Poisonous Vapours        Pois/Air       50%        N/A       2%          2
 Cigotuvi's Dreadful Rot  Necr/Pois/Air  36%        N/A       4%          2
 Vhi's Electric Charge    Tloc/Air       50%        N/A       4%          3
 Blink                    Tloc           6%         N/A       17%         2
 Tukima's Dance           Hex            3%         N/A       34%         3
 Arcjolt                  Conj/Air       12%        1d22      41%         5
 Lightning Bolt           Conj/Air       12%        1d26      41%         5
 Yara's Violent Unravell  Hex/Tmut       12%        3d7       41%         5
 Anguish                  Hex/Necr       1%         N/A       75%         4
 Manifold Assault         Tloc           3%         N/A       75%         4
 Passage of Golubria      Tloc           3%         N/A       75%         4
 Storm Form               Tmut/Air       23%        N/A       88%         7
 Enfeeble                 Hex            1%         N/A       100%        7


Dungeon Overview and Level Annotations

Branches:
Dungeon (10/15)            Temple (0/1) D:4            Lair (1/5) D:8
    Orc: D:9-12

Altars:
Elyvilon
Okawaru
Trog

Shops:
D:7 :   D:8 *


Innate Abilities, Weirdness & Mutations

You cannot wear most types of armour.
You are amphibious.
You can wear up to eight rings at the same time.
Your skin changes colour to match your surroundings (Stealth+).
Your rubbery body absorbs attacks. (AC +1, EV +1)
((You are camouflaged when in or above water. (Stealth+)))
You have tentacles for arms and can constrict up to eight enemies at once.


Message History

You are struck by an arc of lightning.
The lightning grounds out.
The black mamba bites you! x2
Casting: Static Discharge (safe; 2% risk of failure)
Confirm with . or Enter, or press ? or * to list all spells.
The black mamba is struck by an arc of lightning.
The black mamba is moderately wounded.
You are struck by an arc of lightning.
The black mamba is struck by an arc of lightning.
The black mamba is moderately wounded.
The lightning grounds out.
The black mamba bites you!
You are poisoned.
The black mamba poisons you!
Casting: Static Discharge (safe; 2% risk of failure)
Confirm with . or Enter, or press ? or * to list all spells.
The black mamba is struck by an arc of lightning.
The black mamba is heavily wounded.
You are struck by an arc of lightning.
The black mamba is struck by an arc of lightning.
The black mamba is heavily wounded.
The lightning grounds out.
You feel very sick.
The black mamba is no longer more vulnerable to fire.
The black mamba bites you but does no damage.
The black mamba bites you!
Casting: Static Discharge (safe; 2% risk of failure)
Confirm with . or Enter, or press ? or * to list all spells.
The black mamba is struck by an arc of lightning.
The black mamba is severely wounded.
You are struck by an arc of lightning.
* * * LOW HITPOINT WARNING * * *
The black mamba is struck by an arc of lightning.
The black mamba is severely wounded.
The lightning grounds out.
You feel very sick. The black mamba barely misses you.
The black mamba bites you!
* * * LOW HITPOINT WARNING * * *
You feel better. The black mamba bites you.
* * * LOW HITPOINT WARNING * * *
The black mamba bites you.
You die...

. ... ...### ......#
.......### #.....## #.S..#
...P..(..# #..@.######
...#...... ###..........
..#.....P#####............
...##...##................
..........................
...........(..............
..........................
.........#................
..#.....######............


You could see a black mamba.

Vanquished Creatures
  A gargoyle (D:10)
  2 cane toads (Lair:1)
  A troll (D:10)
  A hornet (D:8)
  Grinder (D:3)
  A blink frog (Lair:1)
  10 yaks
  6 wyverns
  6 vampire mosquitoes
  Edmund (D:5)
  6 water moccasins
  2 black bears
  5 ogres
  3 wolves (Lair:1)
  A phantom (D:5)
  2 kobold brigands (D:5)
  2 gnoll sergeants (D:5)
  A scorpion (D:6)
  2 bullfrogs (D:7)
  2 necrophages (D:5)
  19 killer bees
  2 howler monkeys (D:7)
  8 hounds
  5 orc priests
  2 gnoll boudas
  Jessica (D:3)
  6 iguanas
  12 orc wizards
  Natasha (twice) (D:2)
  Robin (D:3)
  18 gnolls
  8 adders
  A white imp (D:5)
  An ufetubus (D:5)
  2 worms
  3 dart slugs
  39 orcs
  7 bats
  10 endoplasms
  2 giant cockroaches
  14 goblins
  13 hobgoblins
  2 jackals (D:1)
  14 kobolds
  5 quokkas
  5 ball pythons
  A frilled lizard (D:3)
  2 rats
261 creatures vanquished.

Vanquished Creatures (collateral kills)
  A killer bee (D:10)
1 creature vanquished.

Vanquished Creatures (others)
  22 foxfires (D:5)
  4 fungi (D:8)
  20 plants (D:8)
46 creatures vanquished.

Grand Total: 308 creatures vanquished

Notes
Turn   | Place    | Note
-------+----------+-------------------------------------------
     0 | D:1      | Caratheodory the Octopode Cinder Acolyte began the quest
                  | for the Orb.
     0 | D:1      | Reached XP level 1. HP: 16/16 MP: 2/2
   138 | D:1      | Reached XP level 2. HP: 18/21 MP: 3/3
   182 | D:1      | Reached skill level 1 in Dodging
   358 | D:1      | Reached XP level 3. HP: 17/26 MP: 4/4
   415 | D:1      | Learned a level 2 spell: Scorch
  1411 | D:2      | Noticed Natasha
  1414 | D:2      | Killed Natasha
  1415 | D:2      | Reached XP level 4. HP: 28/33 MP: 5/5
  1689 | D:2      | Noticed Natasha
  1692 | D:2      | Killed Natasha
  1693 | D:2      | Reached skill level 1 in Transmutations
  1693 | D:2      | Reached skill level 1 in Air Magic
  1780 | D:3      | Noticed Grinder
  1800 | D:3      | Killed Grinder
  1801 | D:3      | Reached skill level 4 in Unarmed Combat
  1801 | D:3      | Reached XP level 5. HP: 21/37 MP: 0/6
  1801 | D:3      | Reached XP level 6. HP: 25/43 MP: 0/7
  2217 | D:3      | Noticed Jessica
  2219 | D:3      | Killed Jessica
  2328 | D:3      | Noticed Robin
  2347 | D:3      | Killed Robin
  3096 | D:4      | Identified the +9 spear "Qophenar" {distort, rF+ Str+3}
  3103 | D:4      | HP: 2/44 [orc/the +9 spear "Qophenar" {distort, rF+ Str+3}
                  | (10)]
  3377 | D:4      | Reached XP level 7. HP: 43/49 MP: 8/8
  4315 | D:4      | Found a staircase to the Ecumenical Temple.
  4382 | D:5      | Entered Level 5 of the Dungeon
  4457 | D:5      | Found a bloodstained altar of Trog.
  4498 | D:5      | Reached skill level 5 in Unarmed Combat
  4677 | D:5      | Noticed Edmund
  4715 | D:5      | Killed Edmund
  4716 | D:5      | Reached XP level 8. HP: 45/54 MP: 8/11
  5598 | D:5      | Reached skill level 6 in Unarmed Combat
  5748 | D:5      | Reached skill level 5 in Air Magic
  5867 | D:5      | Reached skill level 5 in Transmutations
  5874 | D:5      | Reached XP level 9. HP: 13/59 MP: 13/13
  6785 | D:6      | Reached skill level 7 in Unarmed Combat
  6841 | D:6      | Found a white marble altar of Elyvilon.
  6869 | D:6      | Found an iron altar of Okawaru.
  7373 | D:7      | Found Etoatsass's Book Shoppe.
  7838 | D:7      | Identified 3 scrolls of acquirement
  7946 | D:7      | Bought a book of Lightning for 494 gold pieces
  7946 | D:7      | Acquired a +2 hat of stealth
  7947 | D:7      | Acquired the ring "Osyd" {Fly rPois rF++ rC+ Int+3}
  7955 | D:7      | Acquired a ring of see invisible
  7978 | D:8      | Noticed a hornet
  7986 | D:8      | Killed a hornet
  8032 | D:8      | Found Xoasiug's General Store.
  8114 | D:8      | Reached skill level 8 in Unarmed Combat
  8114 | D:8      | Reached XP level 10. HP: 51/65 MP: 14/14
  8346 | D:8      | Found a staircase to the Lair.
  8500 | D:8      | Reached skill level 9 in Unarmed Combat
  9006 | D:9      | Learned a level 2 spell: Static Discharge
  9229 | D:9      | Reached XP level 11. HP: 64/70 MP: 1/15
  9890 | D:10     | Entered Level 10 of the Dungeon
 10350 | D:9      | Learned a level 3 spell: Mephitic Cloud
 10700 | Lair:1   | Entered Level 1 of the Lair of Beasts
 10712 | Lair:1   | Reached skill level 10 in Unarmed Combat
 10790 | Lair:1   | HP: 3/70 [yak (10)]
 10794 | Lair:1   | HP: 1/70 [yak (8)]
 11339 | Lair:1   | HP: 1/70 [black mamba (17)]
 11340 | Lair:1   | Slain by a black mamba

Illustrated notes

Levels and vault maps discovered:
D:1:      nagdon_arrival_zigzag_paths, layout_basic
D:2:      layout_loops_corners, nicolae_concentric_dashed_squares_wild,
          uniq_natasha
D:3:      layout_loops_corners, uniq_jessica, uniq_robin, uniq_grinder
D:4:      layout_loops_ring, temple_doors_ab, cheibrodos_gnoll_hut
D:5:      cheibrodos_thug_alley, layout_rooms,
          mainiacjoe_overflow_surrounded_room, nicolae_sextant, kennysheep_nub,
          st_stairs_6, chequers_serial_rivers_micro_b, grunt_ministairs_14,
          kennysheep_pointless_box, minmay_misc_feat_ornament,
          minmay_misc_feat_tiny, chequers_serial_rivers_large_a,
          hellmonk_bongcloud_opening, minmay_circle_x, uniq_edmund
D:6:      layout_rooms, mainiacjoe_overflow_two_lobes, nrook_campfire
D:7:      layout_basic, serial_shops, nicolae_shop_stone
D:8:      layout_loops_ring, minmay_lair_entry_grove, serial_shops, shop_statue
D:9:      layout_loops_ring
D:10:     layout_roguey
Lair:1:   layout_hall_layers

Skill      XL: |  1  2  3  4  5  6  7  8  9 10 11 |
---------------+----------------------------------+-----
Dodging        | 1 2 3 |  3.0
Transmutations | 2 3 5 7 8 9 |  9.6
Air Magic      | 2 3 5 7 8 9 |  9.6
Fighting       | 4 |  4.4
Unarmed Combat | 4 5 6 8 9 10 | 10.2
Spellcasting   | 2 3 |  3.0
Fire Magic     | |  3.0

Action                   |  1- 3 |  4- 6 |  7- 9 | 10-12 || total
-------------------------+-------+-------+-------+-------++-------
Melee: Unarmed           |    77 |    98 |   241 |   275 ||   691
       Constrict         |    18 |    30 |    53 |    31 ||   132
       Tentacles         |    11 |    17 |    54 |    52 ||   134
       Punch             |     1 |     3 |    19 |    19 ||    42
Throw: Dart              |       |     3 |    11 |     1 ||    15
       Throwing net      |       |       |       |     1 ||     1
 Cast: Scorch            |     5 |    14 |    76 |    36 ||   131
       Static Discharge  |       |       |       |    39 ||    39
       Mephitic Cloud    |       |       |       |     4 ||     4
Invok: Fiery Armour      |       |       |     2 |     4 ||     6
       Foxfire Swarm     |       |       |     1 |       ||     1
Evoke: Wand              |       |     1 |     7 |     4 ||    12
  Use: Scroll            |       |       |    10 |     4 ||    14
       Potion            |       |       |       |    10 ||    10
 Stab: Sleeping          |     3 |     1 |       |       ||     4
       Distracted        |       |       |     1 |       ||     1
Armor: Skin              |    12 |    23 |    55 |    93 ||   183
Dodge: Dodged            |    39 |    61 |   134 |   205 ||   439

Table legend: (Time is in decaauts)
 A = Elapsed time spent in this place.
 B = Non-inter-level travel time spent in this place.
 C = Inter-level travel time spent in this place.
 D = Time resting spent in this place.
 E = Time spent auto-exploring this place.
 F = Levels seen in this place.
 G = Mean time per level.
                   A        B        C        D        E       F      G
               +--------+--------+--------+--------+--------+-----+--------+
         Total |  11267 |  10892 |    375 |    100 |   8574 |  11 | 1024.3 |
       Dungeon |  10764 |  10390 |    374 |    100 |   8233 |  10 | 1076.4 |
          Lair |    503 |    503 |      0 |      0 |    341 |   1 |  503.0 |
               +--------+--------+--------+--------+--------+-----+--------+

Top non-repeatable levels by time:
     D:5: 1840 daAuts
     D:4: 1555 daAuts
     D:3: 1319 daAuts
     D:2: 1085 daAuts
     D:8: 1037 daAuts
     D:9: 1032 daAuts
     D:7: 762 daAuts
    D:10: 732 daAuts
     D:6: 712 daAuts
     D:1: 685 daAuts
  Lair:1: 503 daAuts
